 Dungeon Crawl Stone Soup version 0.30.1-11-g7821555f0a (webtiles) character file.

Game seed: 13390480333949774043

49171 Peloso the Fencer (level 14, -3/132 HPs)
             Began as a Minotaur Fighter on Jan 7, 2024.
             Was a High Priest of Okawaru.
             Slain by an orc knight
             ... wielding a +3 dire flail
              (13 damage)
             ... on level 1 of the Orcish Mines.
             The game lasted 00:39:27 (21397 turns).

Peloso the Fencer (Minotaur Fighter)               Turns: 21397, Time: 00:39:28

Health: -3/132     AC: 24    Str: 25    XL:     14   Next: 15%
Magic:  14/14      EV:  9    Int:  8    God:    Okawaru [*****.]
Gold:   1610       SH:  7    Dex: 13    Spells: 13/13 levels left

rFire   + . .        a - +4 demon blade (elec)
rCold   x . .        d - +0 buckler
rNeg    . . .        J - +1 plate armour "Bayph" {Drain Fly Str+2 Int+3}
rPois   .            (helmet restricted)
rElec   .            E - +1 cloak
rCorr   .            B - +0 pair of gloves
SInv    .            I - +0 pair of boots
Will    +....        (no amulet) Stlth
                     F - ring of fire
HPRegen 0.42/turn    (no ring)
MPRegen 0.14/turn

%: no passive effects
@: flying
A: horns 2, retaliatory headbutt
a: Renounce Religion, Heroism, Finesse, Duel


You were on level 1 of the Orcish Mines.
You worshipped Okawaru.
Okawaru was extremely pleased with you.
You visited 4 branches of the dungeon, and saw 17 of its levels.
You also visited: Sewer, Ossuary and Volcano.

You collected 1703 gold pieces.
You spent 93 gold pieces at shops.

Inventory:

Hand Weapons
 a - a +4 demon blade of electrocution (weapon)
 b - a +5 scimitar
 c - the +4 scimitar of Amortisation {drain, rF+ Int+2}
   (Okawaru gifted it to you on level 10 of the Dungeon)

   Int:       It affects your intelligence (+2).
   rF:        It protects you from fire.
Missiles
 A - 4 throwing nets (quivered)
Armour
 d - a +0 buckler (worn)
 o - a +2 chain mail of fire resistance
 B - a +0 pair of gloves (worn)
 C - a +0 chain mail of cold resistance
 E - a +1 cloak (worn)
 I - a +0 pair of boots (worn)
 J - the +1 plate armour "Bayph" (worn) {Drain Fly Str+2 Int+3}
   (You took it off a gnoll on level 10 of the Dungeon)

   Str:       It affects your strength (+2).
   Int:       It affects your intelligence (+3).
   Fly:       It grants you flight.
   Drain:     It drains your maximum health when unequipped.
 Q - the +1 pair of boots of Okawaru's Vengeance {Harm rPois rN+ Int+3}
   (Okawaru gifted it to you on level 3 of the Lair of Beasts)

   Int:       It affects your intelligence (+3).
   rPois:     It protects you from poison.
   rN:        It protects you from negative energy.
   Harm:      It increases damage dealt and taken.
Jewellery
 s - an amulet of magic regeneration
 F - a ring of fire (left hand)
 H - an amulet of faith
 M - a ring of willpower
Wands
 t - a wand of flame (20)
 w - a wand of paralysis (17)
 K - a wand of light (4)
 L - a wand of iceblast (3)
Scrolls
 f - 2 scrolls of fear
 h - 2 scrolls of immolation
 i - 3 scrolls of enchant armour
 l - 3 scrolls of amnesia
 n - 2 scrolls of magic mapping
 p - a scroll of blinking
 x - a scroll of silence
 y - 2 scrolls of teleportation
 D - 6 scrolls of identify
 G - 3 scrolls of fog
 O - a scroll of torment {unknown}
 P - a scroll of enchant weapon {unknown}
Potions
 e - 7 potions of curing
 g - 3 potions of might
 j - 2 potions of heal wounds
 k - 2 potions of magic
 m - 4 potions of haste
 q - 10 potions of flight
 r - 5 potions of mutation
 u - 2 potions of resistance
 v - 4 potions of invisibility
 z - 4 potions of brilliance
Miscellaneous
 N - a lightning rod (4/4)


   Skills:
 + Level 14.1 Fighting
 + Level 16.6 Long Blades
 + Level 16.4 Armour
 + Level 4.3 Dodging
 + Level 1.4 Stealth
 + Level 11.6 Shields
 + Level 1.8 Invocations
 + Level 2.3 Evocations


You had 13 spell levels left.
You didn't know any spells.
Your spell library contained the following spells:

 Spells                   Type           Power      Damage    Failure   Level
 Apportation              Tloc           0%         N/A       97%         1
 Beastly Appendage        Tmut           0%         N/A       97%         1
 Magic Dart               Conj           0%         1d3       97%         1
 Necrotise                Necr           0%         1d4       97%         1
 Shock                    Conj/Air       0%         1d3       97%         1
 Blink                    Tloc           0%         N/A       99%         2
 Cigotuvi's Dreadful Rot  Necr/Pois/Air  0%         N/A       99%         2
 Lesser Beckoning         Tloc           0%         N/A       99%         2
 Scorch                   Fire           0%         2d5       99%         2
 Static Discharge         Conj/Air       0%         2-2/arc   99%         2
 Wereblood                Tmut           0%         N/A       99%         2
 Dazzling Flash           Conj/Hex       0%         N/A       100%        3
 Frozen Ramparts          Ice            0%         1d1       100%        3
 Gell's Gravitas          Tloc           0%         N/A       100%        3
 Ignite Poison            Fire/Tmut/Pois 0%         N/A       100%        3
 Mephitic Cloud           Conj/Pois/Air  0%         N/A       100%        3
 Spider Form              Tmut/Pois      0%         N/A       100%        3
 Swiftness                Air            0%         N/A       100%        3
 Teleport Other           Tloc           0%         N/A       100%        3
 Volatile Blastmotes      Fire/Tloc      0%         2d10      100%        3
 Airstrike                Air            0%         2d(0-16)  100%        4
 Flame Wave               Conj/Fire      0%         2d4       100%        4
 Fulminant Prism          Conj/Hex       0%         3d5       100%        4
 Ice Form                 Ice/Tmut       0%         N/A       100%        4
 Iskenderun's Mystic Bla  Conj/Tloc      0%         2d3       100%        4
 Manifold Assault         Tloc           0%         N/A       100%        4
 Passage of Golubria      Tloc           0%         N/A       100%        4
 Freezing Cloud           Conj/Ice/Air   0%         6-21      100%        5
 Lee's Rapid Deconstruct  Erth           0%         3d4*      100%        5
 Silence                  Hex/Air        0%         N/A       100%        5
 Starburst                Conj/Fire      0%         6d3       100%        6
 Storm Form               Tmut/Air       0%         N/A       100%        7
 Lehudib's Crystal Spear  Conj/Erth      0%         10d2      100%        8
 Summon Small Mammal      Summ           Unusable   N/A       N/A         1
 Call Imp                 Summ           Unusable   N/A       N/A         2
 Summon Ice Beast         Ice/Summ       Unusable   N/A       N/A         4
 Summon Lightning Spire   Summ/Air       Unusable   N/A       N/A         4
 Summon Cactus Giant      Summ           Unusable   N/A       N/A         6

Dungeon Overview and Level Annotations

Branches:
Dungeon (12/15)            Temple (1/1) D:4            Lair (3/5) D:11
 Shoals (0/4) Lair:3        Snake (0/4) Lair:2          Orc (1/2) D:10
  Sewer (visited)         Ossuary (visited)         Volcano (visited)

Altars:
Ashenzari
Cheibriados
Dithmenos
Elyvilon
Fedhas
Gozag
Hepliaklqana
Kikubaaqudgha
Makhleb
Nemelex Xobeh
Okawaru
Qazlal
Ru
Sif Muna
Trog
Uskayaw
Wu Jian
Xom
Yredelemnul
Zin
The Shining One

Shops:
D:2 (   D:7 ?

Annotations:
D:6 3 runed translucent doors, ripuliukko's ghost, novice GrEE
Temple 2 transporters


Innate Abilities, Weirdness & Mutations

You have a pair of horns on your head.
You reflexively headbutt those who attack you in melee.


Message History

Unknown command.
You hit the orc knight but do no damage.
You headbutt the orc knight!
The orc knight is almost dead.
The orc warrior hits you with a +0 battleaxe!
The orc priest looks satisfied for a moment.
The orc knight roars a battlecry!
The orc goes into a battle-frenzy!
The orc warrior hits you with a +0 war axe!
You barely miss the orc knight.
The orc knight is almost dead.
The orc warrior hits you but does no damage.
The orc priest mumbles some strange prayers to Beogh against you.
Beogh smites you! The orc knight barely misses you.
Unknown command.
You closely miss the orc knight. You headbutt the orc knight.
The orc knight is almost dead.
The orc warrior barely misses you.
Unknown command.
You closely miss the orc knight. Your headbutt misses the orc knight.
The orc knight is almost dead.
You block the orc warrior's attack.
The orc knight hits you with a +3 dire flail.
Unknown command.
You closely miss the orc knight. You headbutt the orc knight.
The orc knight is almost dead.
The orc warrior hits you with a +0 war axe.
Unknown command.
You closely miss the orc knight.
The orc knight is almost dead.
The orc warrior hits you with a +0 battleaxe!!
* * * LOW HITPOINT WARNING * * *
The orc priest mumbles some strange prayers to Beogh against you.
Beogh smites you!
* * * LOW HITPOINT WARNING * * *
The orc knight hits you with a +3 dire flail!
* * * LOW HITPOINT WARNING * * *
The orc knight attacks as you move away!
The orc knight hits you with a +3 dire flail!
You die...

..o..###.## ..#.
......#...# ##...#
.......#.# #...#
.........## ##..##
........)[###....##
........)#[#......#
##....)[)[)[.....# .#.#
.###...[[#[......##.....
###......###$.).@ooo....
# #.........#...ooo.....
##.....<)....##.......
#........#.## .......
........#...#)##.......
......>...#.#)..#..###.#
...#.......#.#.....# .
..#...............##
##..............###


You could see 2 orc knights, 2 orc warriors, an orc priest (strong) and an orc
(strong).

Vanquished Creatures
  Jorgrun (D:10)
  Josephine (Orc:1)
  Harold (D:10)
  A hydra (Lair:3)
  A centaur warrior (D:10)
  A boulder beetle (D:11)
  3 two-headed ogres
  3 death yaks (Lair:2)
  A hell knight (Volcano)
  2 orc high priests (Orc:1)
  Nergalle (D:11)
  Sonja (D:12)
  A salamander mystic (Volcano)
  Amaemon (D:10)
  A skyshark (Lair:2)
  4 orc knights
  A lindwurm (Lair:1)
  An ugly thing (D:10)
  An orc sorcerer (D:10)
  A cyclops (D:12)
  6 salamanders
  2 merfolk sirens (Lair:3)
  Joseph (Lair:1)
  2 black mambas
  10 cane toads
  An orange demon (D:10)
  5 komodo dragons
  2 kobold demonologists
  7 trolls
  2 merfolk (Lair:3)
  3 hornets
  15 blink frogs
  6 wraiths
  3 wyverns
  A shadow (D:10)
  36 yaks
  Grum (D:10)
  Menkaure (D:7)
  6 vampire mosquitoes (D:12)
  3 acid dragons
  18 water moccasins
  24 orc warriors
  3 ice beasts (D:5)
  2 black bears
  A sky beast (D:7)
  6 ogres
  9 wolves
  13 centaurs
  A phantom (D:5)
  2 kobold brigands (D:10)
  11 bullfrogs
  2 gnoll sergeants
  A scorpion (D:6)
  18 wights
  21 killer bees
  6 electric eels
  5 howler monkeys
  3 lava snakes (Lair:2)
  2 jellies
  14 orc priests
  4 hounds
  3 gnoll boudas
  A sleepcap (D:6)
  5 orc wizards
  An iguana (D:6)
  8 mummies (Ossuary)
  14 adders
  16 gnolls
  7 river rats
  4 white imps
  An ufetubus (D:5)
  4 worms
  2 dart slugs
  51 orcs
  9 endoplasms
  4 giant cockroaches
  5 goblins
  4 hobgoblins
  6 jackals
  8 quokkas
  12 ball pythons
  14 bats
  5 frilled lizards
  A gnoll zombie (Ossuary)
  A goblin zombie (D:4)
  3 hobgoblin zombies (Ossuary)
  14 kobolds
  3 kobold zombies (Ossuary)
  An orc zombie (Ossuary)
  A quokka zombie (D:4)
  7 rats
522 creatures vanquished.

Notes
Turn   | Place    | Note
-------+----------+-------------------------------------------
     0 | D:1      | Peloso the Minotaur Fighter began the quest for the Orb.
     0 | D:1      | Reached XP level 1. HP: 19/19 MP: 0/0
   142 | D:1      | Reached XP level 2. HP: 27/27 MP: 1/1
   208 | D:1      | You fall into a shaft and drop 1 floor!
   281 | D:2      | Found Orphafuxt's Weapon Shop.
   779 | D:3      | Reached XP level 3. HP: 23/33 MP: 2/2
  1545 | D:1      | Reached XP level 4. HP: 41/41 MP: 3/3
  2116 | D:4      | Found a staircase to the Ecumenical Temple.
  2218 | D:4      | Found a sand-covered staircase.
  2226 | Ossuary  | Entered an ossuary
  2270 | Ossuary  | Reached XP level 5. HP: 28/47 MP: 4/4
  2696 | Ossuary  | Reached skill level 5 in Long Blades
  2707 | Ossuary  | Reached skill level 5 in Armour
  3231 | D:4      | Noticed a centaur
  3244 | D:4      | Killed a centaur
  3245 | D:4      | Reached XP level 6. HP: 25/53 MP: 5/5
  3253 | Temple   | Entered the Ecumenical Temple
  3253 | Temple   | Found a transporter.
  3253 | Temple   | Found a transporter.
  3255 | Temple   | Found a transporter.
  3255 | Temple   | Found a transporter.
  3266 | Temple   | Became a worshipper of Warmaster Okawaru
  3686 | D:5      | Entered Level 5 of the Dungeon
  3686 | D:5      | Noticed an ice beast
  3702 | D:5      | Killed an ice beast
  3772 | D:5      | Noticed an ice beast
  3785 | D:5      | Killed an ice beast
  3785 | D:5      | Reached * piety under Okawaru
  3786 | D:5      | Reached skill level 5 in Fighting
  3786 | D:5      | Reached skill level 1 in Dodging
  3786 | D:5      | Reached XP level 7. HP: 36/61 MP: 6/6
  3799 | D:5      | Found a glowing drain.
  3813 | Sewer    | Entered a sewer
  4730 | D:5      | Reached skill level 5 in Shields
  5050 | D:5      | Found a glowing silver altar of Zin.
  5359 | D:5      | Reached XP level 8. HP: 68/69 MP: 7/7
  5568 | D:6      | Reached ** piety under Okawaru
  6440 | D:6      | Found a runed translucent gate.
  6440 | D:6      | Found a runed translucent gate.
  6440 | D:6      | Found a runed translucent gate.
  6441 | D:6      | Noticed ripuliukko's ghost (novice GrEE)
  6708 | D:7      | Reached XP level 9. HP: 49/78 MP: 8/8
  7111 | D:7      | Noticed Menkaure
  7120 | D:7      | Killed Menkaure
  7208 | D:7      | Reached *** piety under Okawaru
  7443 | D:7      | Found Wofovelynt's Magic Scroll Shoppe.
  7448 | D:7      | Bought a scroll of noise for 11 gold pieces
  7453 | D:7      | Bought a scroll of magic mapping for 82 gold pieces
  8061 | D:7      | Reached skill level 10 in Long Blades
  8672 | D:8      | Noticed a two-headed ogre
  8677 | D:8      | Killed a two-headed ogre
  8677 | D:8      | Reached **** piety under Okawaru
  8678 | D:8      | Reached skill level 10 in Armour
  8817 | D:8      | Reached XP level 10. HP: 82/85 MP: 6/9
  8946 | D:8      | Found a sacrificial altar of Ru.
  9825 | D:9      | Noticed a two-headed ogre
 10070 | D:9      | Paralysed by a hornet for 3 turns
 10075 | D:9      | Reached ***** piety under Okawaru
 10321 | D:9      | Killed a two-headed ogre
 10474 | D:9      | Received a gift from Okawaru
 10515 | D:9      | Reached skill level 1 in Stealth
 10981 | D:9      | Reached XP level 11. HP: 84/97 MP: 10/10
 11176 | D:10     | Entered Level 10 of the Dungeon
 11185 | D:10     | Noticed Amaemon
 11202 | D:10     | Killed Amaemon
 11203 | D:10     | Found a staircase to the Orcish Mines.
 11391 | D:10     | Received a gift from Okawaru
 11693 | D:10     | Noticed Grum
 11706 | D:10     | Killed Grum
 11929 | D:9      | Reached skill level 10 in Fighting
 11949 | D:10     | Identified the +1 plate armour "Bayph" {Drain Fly Str+2
                  | Int+3}
 12045 | D:10     | Noticed a cyan ugly thing
 12059 | D:10     | Killed a cyan ugly thing
 12060 | D:10     | Reached skill level 1 in Evocations
 12065 | D:10     | Paralysed by a hornet for 3 turns
 12082 | D:10     | Noticed a two-headed ogre
 12091 | D:10     | Killed a two-headed ogre
 12444 | D:10     | Found a broken altar of Ashenzari.
 12444 | D:10     | Noticed a centaur warrior
 12444 | D:10     | Noticed Harold
 12536 | D:10     | Killed Harold
 12536 | D:10     | Received a gift from Okawaru
 12612 | D:10     | Killed a centaur warrior
 13202 | D:11     | Noticed a boulder beetle
 13223 | D:11     | Killed a boulder beetle
 13274 | D:11     | Reached XP level 12. HP: 79/108 MP: 11/11
 13500 | D:11     | Noticed Nergalle
 13508 | D:11     | Killed Nergalle
 13509 | D:11     | Reached skill level 1 in Invocations
 13929 | D:11     | Found a staircase to the Lair.
 14763 | Lair:1   | Entered Level 1 of the Lair of Beasts
 14803 | Lair:1   | Found a dark tunnel.
 14972 | Volcano  | Entered a volcano
 15878 | Lair:1   | Identified the +0 long sword of Xokluric {protect, rElec
                  | rPois rC- Dex+2} (Okawaru gifted it to you on level 1 of
                  | the Lair of Beasts)
 15878 | Lair:1   | Received a gift from Okawaru
 15879 | Lair:1   | Reached skill level 10 in Shields
 16047 | Lair:1   | Noticed Joseph
 16058 | Lair:1   | Killed Joseph
 16256 | Lair:1   | Reached skill level 15 in Long Blades
 16819 | Lair:2   | Reached XP level 13. HP: 119/119 MP: 13/13
 17091 | Lair:2   | Reached skill level 15 in Armour
 17102 | Lair:2   | Reached ****** piety under Okawaru
 17730 | Lair:2   | Found a staircase to the Snake Pit.
 18151 | Lair:3   | Found a staircase to the Shoals.
 18454 | Lair:3   | Identified the +1 pair of boots of Okawaru's Vengeance
                  | {Harm rPois rN+ Int+3} (Okawaru gifted it to you on level 3
                  | of the Lair of Beasts)
 18454 | Lair:3   | Received a gift from Okawaru
 19344 | D:12     | Noticed Sonja
 19408 | D:12     | Killed Sonja
 19609 | D:12     | Identified the +11 long sword "Tany Nuff" {protect, rC+++
                  | Will- Str-2 Int+4}
 19995 | Orc:1    | Entered Level 1 of the Orcish Mines
 20454 | Orc:1    | Noticed Josephine
 20705 | Orc:1    | Killed Josephine
 20729 | Orc:1    | Reached XP level 14. HP: 90/124 MP: 14/14
 20744 | Orc:1    | Noticed Jorgrun
 20760 | D:10     | Killed Jorgrun
 21251 | D:10     | Identified the +4 scimitar of Amortisation {drain, rF+
                  | Int+2} (Okawaru gifted it to you on level 10 of the
                  | Dungeon)
 21251 | D:10     | Received a gift from Okawaru
 21397 | Orc:1    | Slain by an orc knight

Illustrated notes

Levels and vault maps discovered:
D:1:      minmay_arrival_four_houses, layout_loops_ring, st_stairs_9,
          minmay_pentomino_q2
D:2:      layout_basic, serial_shops, nicolae_shop_bloodbath_and_beyond
D:3:      layout_rooms
D:4:      layout_gridville, minmay_temple_entry_sparse_star, enter_ossuary_4
D:5:      layout_loops_ring, lemuel_round_altar, portal_sewer_entry_b,
          chequers_hall_statues_y
D:6:      layout_gridville, gammafunk_ghost_nasty_kobolds
D:7:      layout_loops_corners, serial_shops, shop, serial_park_tiny_pond,
          uniq_menkaure
D:8:      layout_loops_ring, nicolae_ru_sacrificial_ziggurat,
          dreamdust_gnoll_shepherd
D:9:      layout_loops_ring, minmay_misc_feat_tower, serial_bayou_pond_e,
          minmay_alternating_orb
D:10:     minmay_opposing_rooms, layout_basic, evilmike_ruin_ashenzari,
          uniq_harold, uniq_amaemon, uniq_grum
D:11:     layout_roguey [special_room_orc], david_lair_shrubbed, uniq_nergalle
D:12:     layout_rooms, uniq_sonja
Temple:   hellmonk_temple_divided_pantheon
Lair:1:   layout_hall_layers, nicolae_volcano_entry_vermiform,
          infiniplex_staircase_pool_2, uniq_joseph
Lair:2:   layout_chaotic_city, nicolae_snake_entry_warm_welcome,
          beast_lair_carwin_4, serial_bayou_shore_a, grunt_megastairs_5
Lair:3:   layout_concentric_octagons, elwin_shoals_entry_stream,
          lemuel_fruit_fields
Orc:1:    layout_caves, serial_shops, nicolae_shop_overgrown_old_shop,
          special_room [special_room_orc], uniq_jorgrun, uniq_josephine

Skill      XL: |  1  2  3  4  5  6  7  8  9 10 11 12 13 14 |
---------------+-------------------------------------------+-----
Armour         | 4 5 6 8 10 12 13 14 16 | 16.4
Fighting       | 4 5 6 7 9 10 12 13 14 | 14.1
Shields        | 4 5 6 7 9 10 11 | 11.6
Long Blades    | 3 4 5 6 8 9 10 11 14 15 16 | 16.6
Dodging        | 1 2 3 4 |  4.3
Stealth        | 1 |  1.4
Evocations     | 1 2 |  2.3
Invocations    | 1 |  1.8

Action                     |  1- 3 |  4- 6 |  7- 9 | 10-12 | 13-15 || total
---------------------------+-------+-------+-------+-------+-------++-------
  Melee: Long sword        |    95 |   131 |   369 |    13 |       ||   608
         Headbutt          |    13 |    31 |    84 |   153 |   113 ||   394
         Scimitar          |       |       |       |   255 |       ||   255
         Demon blade       |       |       |       |   431 |   494 ||   925
 Invoke: Heroism           |       |       |     3 |     9 |     7 ||    19
  Evoke: Wand              |       |       |       |    10 |     9 ||    19
    Use: Potion            |     3 |     2 |     2 |     2 |     2 ||    11
         Scroll            |       |    11 |     7 |     5 |     2 ||    25
   Stab: Distracted        |       |       |       |     1 |       ||     1
 Armour: Scale mail        |     5 |       |       |       |       ||     5
         Chain mail        |    81 |    67 |   198 |       |       ||   346
         Plate armour      |       |       |    27 |   409 |   240 ||   676
  Dodge: Dodged            |    42 |    49 |   166 |   238 |   168 ||   663
  Block: Buckler           |    30 |    27 |   108 |   203 |   125 ||   493
